 Dungeon Crawl Stone Soup version 0.30.0-11-gf55b779eaf (webtiles) character file.

Game seed: 11313632708523709178

125 GigaChad the Shooter (level 5, -4/39 HPs)
             Began as a Formicid Hunter on May 17, 2023.
             Killed from afar by Ijyb (13 damage)
             ... with an iceblast
             ... on level 3 of the Dungeon.
             The game lasted 00:02:46 (1492 turns).

GigaChad the Shooter (Formicid Hunter)              Turns: 1492, Time: 00:02:47

Health: -4/39      AC:  8    Str: 17    XL:     5   Next: 30%
Magic:  5/5        EV:  8    Int:  9    God:
Gold:   137        SH:  0    Dex: 17    Spells: 4/4 levels left

rFire   . . .        a - +1 shortbow
rCold   . . .        (no shield)
rNeg    . . .        n - +0 chain mail
rPois   .            (helmet unavailable)
rElec   .            (no cloak)
rCorr   .            (no gloves)
SInv    +            (no boots)
Will    .....        f - amulet of regeneration Stlth
                     (no ring)
HPRegen 1.06/turn    (no ring)
MPRegen 0.09/turn

%: no passive effects
@: no status effects
A: permanent stasis, dig shafts and tunnels, antennae 3, four strong arms
a: Dig, Shaft Self


You were on level 3 of the Dungeon.
You visited 1 branch of the dungeon, and saw 3 of its levels.

You collected 137 gold pieces.

Inventory:

Hand Weapons
 a - a +1 shortbow (weapon)
 q - a +0 falchion
Armour
 c - a +0 leather armour
 n - a +0 chain mail (worn)
Jewellery
 e - a ring of willpower
 f - an amulet of regeneration (around neck)
Scrolls
 b - a scroll of immolation
 d - 2 scrolls of teleportation
 g - 2 scrolls of identify
 j - a scroll of fog
 m - a scroll of amnesia
 p - a scroll of fear {unknown}
Potions
 h - a potion of cancellation {unknown}
 i - a potion of flight {unknown}
 k - a potion of magic {unknown}
 l - a potion of resistance {unknown}
 o - a potion of attraction {unknown}


   Skills:
 * Level 2.7 Fighting
 * Level 5.6 Ranged Weapons
 * Level 1.2 Armour
 - Level 1.7 Dodging
 * Level 2.3 Stealth


You had 4 spell levels left.
You didn't know any spells.
Your spell library contained the following spells:

 Spells                   Type           Power      Damage    Failure   Level
 Portal Projectile        Hex/Tloc       0%         N/A       100%        3
 Tukima's Dance           Hex            0%         N/A       100%        3
 Blade Hands              Tmut           0%         N/A       100%        5


Dungeon Overview and Level Annotations

Branches:
Dungeon (3/15)

Altars:

Annotations:
D:3 Ijyb


Innate Abilities, Weirdness & Mutations

You cannot be hasted, slowed, berserked, paralysed or teleported.
You can dig through walls and to a lower floor.
You have a pair of large antennae on your head. (SInv)
Your four strong arms can wield two-handed weapons with a shield.


Message History

You are too injured to fight recklessly!
Unknown command.
You are too injured to fight recklessly!
You are too injured to fight recklessly!
Ijyb zaps a wand.
The mass of ice explodes!
The iceblast engulfs you.
* * * LOW HITPOINT WARNING * * *
A goblin comes into view. It is wielding a +0 club.
The goblin shouts!
The jackal barely misses you.
You are too injured to fight recklessly!
You are too injured to fight recklessly!
You are too injured to fight recklessly!
The jackal attacks as you move away!
The jackal bites you but does no damage.
The jackal completely misses you.
You are too injured to fight recklessly!
You shoot an arrow.
The arrow hits the jackal but does no damage.
An adder comes into view.
The jackal barely misses you.
The jackal bites you but does no damage.
You are too injured to fight recklessly!
You shoot an arrow. The arrow hits the jackal.
The jackal is severely wounded.
The jackal bites you but does no damage.
The jackal closely misses you.
You extend your mandibles.
You retract your mandibles.
You shoot an arrow. The arrow hits the jackal.
You kill the jackal!
The jackal barely misses you.
Ijyb zaps a wand.
The mass of ice explodes!
The iceblast engulfs the jackal!
The jackal dies!
The iceblast engulfs you!
* * * LOW HITPOINT WARNING * * *
You are too injured to fight recklessly!
You are too injured to fight recklessly!
You are too injured to fight recklessly!
You are too injured to fight recklessly!
Ijyb zaps a wand.
The mass of ice explodes!
The iceblast engulfs you!
You die...

.... #.# #w.#
# #.# #..#.#
#.# h!#. . #.#
..{ . #.# #.#
. #.# ##.# #
#.#####S.#.#
#@...ggh.w.#
#######.####
#.# #.#
#..####
###.####......
#............
#.#.####.....
#.#.# #.##.##
#.#.# ##.##.##


You could see Ijyb, an adder, a jackal and a goblin.

Vanquished Creatures
  6 adders
  3 dart slugs
  An orc (D:3)
  8 ball pythons
  5 bats (D:2)
  5 endoplasms
  2 giant cockroaches
  7 goblins
  3 hobgoblins
  5 jackals
  4 quokkas (D:1)
  3 frilled lizards
  4 kobolds
  3 rats (D:1)
59 creatures vanquished.

Vanquished Creatures (others)
  2 jackals (D:3)
2 creatures vanquished.

Grand Total: 61 creatures vanquished

Notes
Turn   | Place    | Note
-------+----------+-------------------------------------------
     0 | D:1      | GigaChad the Formicid Hunter began the quest for the Orb.
     0 | D:1      | Reached XP level 1. HP: 16/16 MP: 1/1
   173 | D:1      | Reached XP level 2. HP: 18/22 MP: 2/2
   356 | D:1      | Reached XP level 3. HP: 27/27 MP: 3/3
   870 | D:2      | Identified the +8 chain mail of the Moneychanger {Harm
                  | Str-2 Int+7 Dex-4}
   913 | D:2      | Reached skill level 5 in Ranged Weapons
   913 | D:2      | Reached XP level 4. HP: 27/34 MP: 4/4
  1152 | D:2      | Reached skill level 1 in Armour
  1219 | D:2      | Reached XP level 5. HP: 36/39 MP: 5/5
  1477 | D:3      | Noticed Ijyb
  1492 | D:3      | Killed from afar by Ijyb

Illustrated notes

Levels and vault maps discovered:
D:1:      lordsloth_arrival_two_stooges, layout_basic, kennysheep_crisscross,
          minmay_unequal
D:2:      layout_rooms, minmay_misc_feat_square, minmay_crystal_room,
          minmay_cupped
D:3:      layout_loops_ring, gup_sewer_entry_pipe, uniq_sigmund, uniq_terence,
          uniq_ijyb

Skill      XL: |  1  2  3  4 |
---------------+-------------+-----
Ranged Weapons | 5 |  5.6
Stealth        | 2 |  2.3
Armour         | 1 |  1.2
Fighting       | |  2.7
Dodging        | |  1.7

Action                     |  1- 3 |  4- 6 || total
---------------------------+-------+-------++-------
   Fire: Shortbow          |   104 |    75 ||   179
Ability: Dig               |     7 |     3 ||    10
    Use: Scroll            |       |     4 ||     4
 Armour: Leather armour    |    12 |    12 ||    24
         Chain mail        |       |     6 ||     6
  Dodge: Dodged            |    25 |    46 ||    71
